 Dungeon Crawl Stone Soup version 0.21.1-1-g345015f (webtiles) character file.

459 Wander the Changer (level 7, -2/43 HPs)
             Began as an Octopode Transmuter on May 5, 2018.
             Killed from afar by manyhoops's ghost (5 damage)
             ... with a puff of frost
             ... on level 4 of the Dungeon.
             The game lasted 00:09:21 (4882 turns).

Wander the Changer (Octopode Transmuter)            Turns: 4882, Time: 00:09:21

Health: -2/43      AC:  3    Str:  9    XL:     7   Next: 6%
Magic:  6/10       EV: 13    Int: 16    God:
Gold:   200        SH:  0    Dex: 12    Spells: 2/10 levels left

rFire    . . .     SeeInvis .     - Unarmed
rCold    + . .     Gourm    .   (shield currently unavailable)
rNeg     . . .     Faith    .   (helmet restricted)
rPois    +         Spirit   .   (no amulet)
rElec    .         Reflect  .   i - ring of poison resistance
rCorr    .         Harm     .   (no ring)
MR       .....                  (no ring)
Stlth    ++........             (no ring)
HPRegen  0.14/turn              (no ring)
MPRegen  0.12/turn              (no ring)
                                (no ring)
                                (no ring)

@: blade tentacles
A: almost no armour, stealthy swim, amphibious, 8 rings, constrict 8, iridescent
scales 1, camouflage 1, cold resistance 1, dopey 1, gelatinous body 1, evolution
1
a: End Transformation


You were on level 4 of the Dungeon.
You were not hungry.
You had blades for tentacles.
You visited 1 branch of the dungeon, and saw 4 of its levels.

You collected 200 gold pieces.

Inventory:

Missiles
 a - 51 arrows
Armour
 d - a +0 buckler
Jewellery
 i - a ring of poison resistance (left scythe-like blade)
Wands
 o - a wand of disintegration (13)
Scrolls
 e - 8 scrolls of identify {unknown}
 g - a scroll of enchant armour {unknown}
 h - 2 scrolls of enchant weapon {unknown}
 j - a scroll of amnesia {unknown}
 m - a scroll of fear {unknown}
 n - 2 scrolls of immolation {unknown}
 p - 3 scrolls of teleportation {unknown}
 s - 3 scrolls of blinking {unknown}
 t - a scroll of remove curse {unknown}
Potions
 f - a potion of mutation
 k - a potion of degeneration {unknown}
 l - a potion of flight {unknown}
 q - a potion of agility {unknown}
 r - a potion of brilliance {unknown}
 u - 2 potions of might {unknown}
Books
 b - a book of Changes

   Spells                             Type                      Level
   a - Beastly Appendage              Transmutation                1
   b - Sticks to Snakes               Transmutation                2
   c - Spider Form                    Transmutation/Poison         3
   d - Ice Form                       Ice/Transmutation            4
   e - Blade Hands                    Transmutation                5
Comestibles
 c - 6 rations
 v - 4 chunks of flesh


   Skills:
 - Level 1.0 Fighting
 - Level 2.0 Dodging
 - Level 0.9 Shields
 - Level 3.0 Unarmed Combat
 - Level 2.0 Spellcasting
 * Level 7.3 Transmutations


You had 2 spell levels left.
You knew the following spells:

 Your Spells              Type           Power        Failure   Level  Hunger
a - Beastly Appendage     Tmut           ####..       16%         1    #......
b - Sticks to Snakes      Tmut           ####....     19%         2    ###....
c - Blade Hands           Tmut           ####......   71%         5    ######.


Dungeon Overview and Level Annotations

Branches:
Dungeon (4/15)
 Temple: D:4-7

Altars:
Elyvilon
Fedhas
Kikubaaqudgha
Sif Muna
Trog
Uskayaw
Zin
The Shining One

Annotations:
D:4 manyhoops's ghost, amateur GnWn


Innate Abilities, Weirdness & Mutations

You cannot wear most types of armour.
You are very stealthy in the water. (Stealth+)
You are amphibious.
You can wear up to eight rings at the same time.
You can use your tentacles to constrict eight enemies at once.
Your skin changes colour to match your surroundings (Stealth+).
Your rubbery body absorbs attacks. (AC +1, EV +1)
You are partially covered in iridescent scales. (AC +2)
Your flesh is cold resistant. (rC+)
You are dopey. (Int -2)
You evolve.


Message History

Manyhoops's ghost is heavily damaged.
Manyhoops's ghost misses you.
You barely miss manyhoops's ghost.
Manyhoops's ghost is heavily damaged.
Manyhoops's ghost hits you.
You hit manyhoops's ghost.
Manyhoops's ghost is heavily damaged.
Manyhoops's ghost points at you and mumbles some strange words.
The puff of frost hits you!
* * * LOW HITPOINT WARNING * * *
It was a potion of mutation.
You feel extremely strange.
You feel nature experimenting on you.
Don't worry, failures die fast.
You feel stupid.
You feel resistant to cold.
Iridescent scales grow over part of your body.
Manyhoops's ghost hits you.
* * * LOW HITPOINT WARNING * * *
Unknown command.
Manyhoops's ghost gestures at you while chanting.
The puff of frost hits you! You resist.
You die...

#....# #.#######.# ..# #....# #[#
#.# #.# #....###.# #.# #.#
#....'...# #.# #.# ##...##### #.#
#.# #...# #.# #.# #...# #.#
#.#########...###########.#######
..O.<.........W.@.......)........
#.######.###############.########
#.# #.## #.# #O######..# #.#
..........# #.# ###.####..#
#######.# #.....##..# #.......#
.......#..# #.####### .......#.##
#.#


You could see manyhoops's ghost.

Vanquished Creatures
  A black bear (D:4)
  An ogre (D:4)
  A bullfrog (D:4)
  A centaur skeleton (D:4)
  2 hounds
  Jessica (D:2)
  4 adders
  A gnoll (D:1)
  3 dart slugs
  2 leopard geckos
  5 orcs
  5 giant cockroaches
  2 hobgoblins (D:1)
  7 jackals
  A quokka (D:3)
  A ball python (D:1)
  4 bats
  5 frilled lizards
  8 goblins
  5 kobolds
  5 rats
65 creatures vanquished.

Vanquished Creatures (collateral kills)
  A worm (D:2)
  An orc (D:3)
2 creatures vanquished.

Grand Total: 67 creatures vanquished

Notes
Turn   | Place    | Note
-------+----------+-------------------------------------------
     0 | D:1      | Wander the Octopode Transmuter began the quest for the Orb.
     0 | D:1      | Reached XP level 1. HP: 13/13 MP: 3/3
   279 | D:1      | Reached XP level 2. HP: 16/18 MP: 5/5
   384 | D:1      | Reached skill level 3 in Transmutations
   865 | D:1      | Reached XP level 3. HP: 17/23 MP: 6/6
  1194 | D:2      | Noticed Jessica
  1557 | D:1      | Learned a level 2 spell: Sticks to Snakes
  1563 | D:2      | Killed Jessica
  1563 | D:2      | Reached skill level 4 in Transmutations
  1669 | D:1      | Reached XP level 4. HP: 24/28 MP: 7/7
  1988 | D:2      | Found a white marble altar of Elyvilon.
  1988 | D:2      | Found a glowing golden altar of the Shining One.
  1992 | D:2      | Found a glowing silver altar of Zin.
  2542 | D:3      | Found an ancient bone altar of Kikubaaqudgha.
  2578 | D:3      | Found a hide-covered altar of Uskayaw.
  2718 | D:3      | Reached XP level 5. HP: 30/33 MP: 8/8
  2719 | D:3      | Reached skill level 5 in Transmutations
  2729 | D:3      | Learned a level 5 spell: Blade Hands
  2740 | D:3      | Found a bloodstained altar of Trog.
  2887 | D:3      | Found a blossoming altar of Fedhas.
  3709 | D:4      | Noticed a black bear
  3751 | D:4      | Killed a black bear
  3751 | D:4      | Reached skill level 6 in Transmutations
  3751 | D:4      | Reached XP level 6. HP: 21/38 MP: 2/9
  3833 | D:4      | Noticed manyhoops's ghost (amateur GnWn)
  3905 | D:4      | Found a deep blue altar of Sif Muna.
  4779 | D:4      | Reached skill level 7 in Transmutations
  4779 | D:4      | Reached XP level 7. HP: 43/43 MP: 0/10
  4881 | D:4      | Gained mutation: You evolve. [potion of mutation]
  4881 | D:4      | Gained mutation: You are dopey. (Int -2) [potion of mutation]
  4881 | D:4      | Gained mutation: Your flesh is cold resistant. (rC+) [potion of mutation]
  4881 | D:4      | Gained mutation: You are partially covered in iridescent scales. (AC +2) [potion of mutation]
  4882 | D:4      | Killed from afar by manyhoops's ghost

Skill      XL: |  1  2  3  4  5  6 |
---------------+-------------------+-----
Transmutations | 3 4 6 7 |  7.3
Fighting       | |  1.0
Dodging        | |  2.0
Shields        | |  0.9
Unarmed Combat | |  3.0
Spellcasting   | |  2.0

Action                   |  1- 3 |  4- 6 |  7- 9 || total
-------------------------+-------+-------+-------++-------
Melee: Unarmed           |    60 |   112 |     7 ||   179
       Constrict         |    13 |    26 |       ||    39
       Tentacles         |     7 |    21 |     1 ||    29
       Punch             |       |     4 |       ||     4
 Cast: Beastly Appendage |     2 |       |       ||     2
       Sticks to Snakes  |     3 |    14 |       ||    17
       Blade Hands       |       |     4 |     1 ||     5
  Use: Potion            |       |       |     1 ||     1
 Stab: Sleeping          |     5 |     6 |       ||    11
  Eat: Chunk             |     2 |    12 |     2 ||    16
Armor: Skin              |     2 |     8 |       ||    10
Dodge: Dodged            |    21 |    91 |     2 ||   114
Block: Buckler           |     6 |    17 |       ||    23
